 Dungeon Crawl Stone Soup version 0.31.0-9-g3a7656b989 (webtiles) character file.

Game seed: 10741843048492210069

1036 qw the Skirmisher (level 8, -1/46 HPs)
             Began as a Deep Elf Hunter on Feb 2, 2024.
             Was a Follower of Okawaru.
             Slain by an adder (2 damage)
             ... on level 5 of the Dungeon.
             The game lasted 00:00:17 (3839 turns).

qw the Skirmisher (Deep Elf Hunter)                 Turns: 3839, Time: 00:00:17

Health: -1/46      AC:  6    Str: 10    XL:     8   Next: 4%
Magic:  9/11       EV: 11    Int: 15    God:    Okawaru [*.....]
Gold:   199        SH:  0    Dex: 18    Spells: 7/7 levels left

rFire   . . .        a - +1 shortbow
rCold   . . .        (shield currently unavailable)
rNeg    . . .        d - +1 ring mail
rPois   .            (no helmet)
rElec   .            (no cloak)
rCorr   .            (no gloves)
SInv    .            (no boots)
Will    .....        (no amulet)
Stlth   +            (no ring)
HPRegen 0.27/turn    (no ring)
MPRegen 0.12/turn

%: no passive effects
@: lethally poisoned (-1 -> -8)
A: talons 1, noise suppression
a: Renounce Religion, Heroism


You were on level 5 of the Dungeon.
You worshipped Okawaru.
Okawaru was aware of your devotion.
You visited 2 branches of the dungeon, and saw 6 of its levels.

You collected 199 gold pieces.


Innate Abilities, Weirdness & Mutations

You have sharp toenails.
You passively dampen the noise of your surroundings.


   Skills:
 - Level 3.5 Fighting
 + Level 11.8 Ranged Weapons
 - Level 3.0 Dodging
 - Level 1.2 Stealth
 + Level 1.5 Invocations


You had 7 spell levels left.
You didn't know any spells.
Your spell library was empty.

Inventory:

Hand Weapons
 a - a +1 shortbow (weapon)
Armour
 d - a +1 ring mail (worn)
Scrolls
 b - a scroll of vulnerability {unknown}
Potions
 c - a potion of might
 e - 2 potions of attraction {unknown}

Dungeon Overview and Level Annotations

Branches:
Dungeon (5/15)             Temple (1/1) D:4

Altars:
Ashenzari
Cheibriados
Gozag
Hepliaklqana
Makhleb
Nemelex Xobeh
Okawaru
Qazlal
Ru
Sif Muna
Uskayaw
Wu Jian
Yredelemnul
The Shining One

Shops:
D:5 *


Message History

You shoot an arrow. The arrow hits the water moccasin!
The water moccasin is almost dead.
You feel very sick. The water moccasin barely misses you.
The adder closely misses you. The water moccasin closely misses you.
You shoot an arrow. The arrow misses the water moccasin.
You feel very sick. The adder barely misses you. The water moccasin bites you.
The adder bites you but does no damage.
You shoot an arrow.
The arrow hits the water moccasin but does no damage.
The water moccasin is almost dead.
You feel sick. The water moccasin closely misses you. The adder bites you.
The water moccasin closely misses you.
You shoot an arrow. The arrow misses the water moccasin.
You feel sick. The adder barely misses you.
The water moccasin closely misses you.
You shoot an arrow. The arrow hits the water moccasin.
You kill the water moccasin!
Okawaru accepts your kill.
You feel sick. The adder bites you but does no damage.
Your Invocations skill increases to level 1!
You have reached level 8!
You feel clever.
You shoot an arrow. The arrow barely misses the adder.
You feel sick. The ball python closely misses you. The ball python grabs you.
The ball python constricts you. The ball python loses its grip on you.
The adder completely misses you.
You shoot an arrow. The arrow hits the adder.
The adder is heavily wounded.
You feel sick. The adder bites you. The adder barely misses you.
You shoot an arrow.
The arrow hits the adder but does no damage.
The adder is heavily wounded.
You feel sick. The adder closely misses you.
The adder bites you but does no damage.
You shoot an arrow. The arrow closely misses the adder.
You feel sick. The adder bites you but does no damage. The adder bites you. x2
You are more poisoned.
The adder poisons you! The adder bites you.
You die...

#.# ########.#
.........#
.........# ##+##
.........######...#
......?.......#.\.#
.........###.##.S.
.........# #.###S#
.........# #...S@#
.........# #######
.........#
..#####..# ..# ..##
..## ### ......
...... ..!....


You could see 2 adders and a ball python.

Vanquished Creatures
  Grinder (D:3)
  A water moccasin (D:5)
  An ice beast (D:5)
  An ogre (D:4)
  A phantom (D:5)
  A howler monkey (D:5)
  A hound (D:3)
  3 iguanas
  2 orc priests
  2 sleepcaps (D:4)
  Terence (D:2)
  2 orc wizards
  3 adders
  A shadow imp (D:5)
  2 ufetubi (D:5)
  A dart slug (D:2)
  3 ribbon worms (D:3)
  20 orcs
  7 ball pythons
  6 endoplasms
  4 giant cockroaches
  6 goblins
  7 hobgoblins
  6 jackals
  5 kobolds
  5 quokkas
  2 bats (D:1)
  A frilled lizard (D:3)
  6 rats
102 creatures vanquished.

Notes
Turn   | Place    | Note
-------+----------+-------------------------------------------
     0 | D:1      | qw the Deep Elf Hunter began the quest for the Orb.
     0 | D:1      | Reached XP level 1. HP: 12/12 MP: 3/3
     0 | D:1      | 0 ||| qw: Version: 0.3-a-155-g5e7d8dd
     0 | D:1      | 0 ||| qw: Game counter: 361
     0 | D:1      | 0 ||| qw: Melee chars always use a shield: true
     0 | D:1      | 0 ||| qw: God list: Okawaru
     0 | D:1      | 0 ||| qw: Allow faded altars: false
     0 | D:1      | 0 ||| qw: Do Orc after clearing Dungeon:15 true
     0 | D:1      | 0 ||| qw: Do second Lair branch before Depths: true
     0 | D:1      | 0 ||| qw: Lair rune preference: random
     0 | D:1      | 0 ||| qw: Goals: Normal
     0 | D:1      | 0 ||| PLANNING D:1-11
   168 | D:1      | Reached skill level 6 in Ranged Weapons
   168 | D:1      | Reached XP level 2. HP: 16/16 MP: 4/4
   607 | D:1      | 607 ||| UPGRADING to +0 ring mail.
   617 | D:1      | 617 ||| DROPPING +0 leather armour.
   618 | D:1      | 618 ||| READING scroll labelled COPPEFOPLI.
   619 | D:1      | 619 ||| READING scroll labelled FETTUA BUUTONU.
   620 | D:1      | 620 ||| READING scroll labelled APTEIG GURCHOPP.
   621 | D:1      | 621 ||| DROPPING scroll of butterflies.
   797 | D:2      | Identified the +5 leather armour "Ygiadiu" {Str+9 Dex-4
                  | Stlth+}
   847 | D:2      | Noticed Terence
   851 | D:2      | Reached XP level 3. HP: 16/20 MP: 5/5
   865 | D:2      | Killed Terence
   866 | D:2      | Reached skill level 7 in Ranged Weapons
   882 | D:2      | Found a faded altar of an unknown god.
  1368 | D:2      | 1368 ||| DROPPING +5 leather armour "Ygiadiu" {Str+9 Dex-4
                  | Stlth+}.
  1369 | D:2      | 1369 ||| READING scroll labelled KOUW GILLYJ.
  1369 | D:2      | 1369 ||| ENCHANTING +0 shortbow.
  1370 | D:2      | 1370 ||| READING scroll labelled FEXUYNK NUOXOPP.
  1371 | D:2      | 1371 ||| READING scroll labelled EKOW WEKKEIKH.
  1472 | D:2      | 1472 ||| READING scroll labelled QAPIOKHLILA.
  1525 | D:3      | Reached XP level 4. HP: 25/25 MP: 6/6
  1537 | D:3      | Reached skill level 8 in Ranged Weapons
  1548 | D:3      | HP: 4/25 [ribbon worm (6)]
  1554 | D:3      | HP: 2/25 [ribbon worm (3)]
  1691 | D:3      | Reached XP level 5. HP: 29/29 MP: 7/7
  1844 | D:3      | Reached skill level 9 in Ranged Weapons
  2020 | D:3      | Noticed Grinder
  2040 | D:3      | Paralysed by Grinder for 3 turns
  2046 | D:3      | Killed Grinder
  2047 | D:3      | Reached skill level 3 in Fighting
  2047 | D:3      | Reached XP level 6. HP: 32/37 MP: 8/8
  2170 | D:3      | 2170 ||| READING scroll labelled TYTSER BONUMYP.
  2170 | D:3      | 2170 ||| ENCHANTING +0 ring mail.
  2171 | D:3      | 2171 ||| DRINKING 3 bubbling sapphire potions.
  2196 | D:4      | Found a staircase to the Ecumenical Temple.
  2197 | D:4      | 2197 ||| PLANNING TEMPLE
  2228 | Temple   | Entered the Ecumenical Temple
  2229 | Temple   | 2229 ||| PLANNING OKAWARU WORSHIP
  2239 | Temple   | Became a worshipper of Warmaster Okawaru
  2240 | Temple   | 2240 ||| PLANNING D:1-11
  2381 | D:4      | 2381 ||| FLEEEEING.
  2382 | D:4      | 2382 ||| FLEEEEING.
  2383 | D:4      | 2383 ||| FLEEEEING.
  2384 | D:4      | 2384 ||| FLEEEEING.
  2385 | D:4      | 2385 ||| FLEEEEING.
  2386 | D:4      | 2386 ||| FLEEEEING.
  2387 | D:4      | 2387 ||| FLEEEEING.
  2388 | D:4      | 2388 ||| FLEEEEING.
  2389 | D:4      | 2389 ||| FLEEEEING.
  2393 | D:4      | 2393 ||| FLEEEEING.
  2394 | D:4      | 2394 ||| FLEEEEING.
  2395 | D:4      | 2395 ||| FLEEEEING.
  2396 | D:4      | 2396 ||| FLEEEEING.
  2448 | D:4      | Reached XP level 7. HP: 41/41 MP: 9/9
  2519 | D:4      | Reached skill level 10 in Ranged Weapons
  2589 | D:4      | HP: 7/41 [orc priest/nerve-wracking pain (5)]
  2590 | D:4      | 2590 ||| READING scroll of teleportation.
  2591 | D:4      | 2591 ||| DRINKING 2 potions of heal wounds.
  2867 | D:4      | Reached skill level 3 in Dodging
  3223 | D:5      | Entered Level 5 of the Dungeon
  3269 | D:5      | HP: 10/41 [ice beast (14)]
  3270 | D:5      | 3270 ||| READING scroll of teleportation.
  3398 | D:5      | HP: 10/41 [orc/+0 mace (2)]
  3399 | D:5      | 3399 ||| DRINKING potion of heal wounds.
  3476 | D:5      | 3476 ||| DRINKING metallic grey potion.
  3477 | D:5      | 3477 ||| DRINKING brown potion.
  3477 | D:5      | Gained mutation: You have sharp toenails. [potion of
                  | mutation]
  3477 | D:5      | Gained mutation: You passively dampen the noise of your
                  | surroundings. [potion of mutation]
  3478 | D:5      | 3478 ||| DRINKING bubbling orange potion.
  3479 | D:5      | 3479 ||| DRINKING sapphire potion.
  3484 | D:5      | HP: 8/41 [something/magic dart (9)]
  3494 | D:5      | HP: 5/41 [something (4)]
  3497 | D:5      | Reached skill level 11 in Ranged Weapons
  3771 | D:5      | Reached * piety under Okawaru
  3827 | D:5      | Found Gelinebo's Serpentskin Sales.
  3835 | D:5      | HP: 10/41 [poisoned by a water moccasin]
  3836 | D:5      | Reached skill level 1 in Invocations
  3836 | D:5      | Reached XP level 8. HP: 11/46 MP: 9/11
  3839 | D:5      | HP: 3/46 [adder (3)]
  3839 | D:5      | HP: 1/46 [adder (2)]
  3839 | D:5      | Slain by an adder

Levels and vault maps discovered:
D:1:      heliophobic_arrival_glass_houses, layout_basic
D:2:      cheibrodos_helix_gallery, layout_loops_ring, serial_co_window_serial,
          co_window_of_opportunity_a, co_window_of_opportunity_a,
          co_window_corner_a, co_window_paths_a, co_window_of_opportunity_a,
          co_window_broadway_a, co_window_corner_b, co_window_of_opportunity_b,
          co_window_paths_d, glass_columns_a, glass_columns_a, glass_columns_c,
          ebering_ecumenical_altar_petrified, uniq_terence
D:3:      minmay_chambers_of_threes, layout_rooms, uniq_grinder
D:4:      layout_basic, minmay_temple_entry_tees
D:5:      minmay_spotlight, layout_basic, zin_scriptorium, guppyfry_shop_venom
Temple:   eino_temple_water

Skill      XL: |  1  2  3  4  5  6  7 |
---------------+----------------------+-----
Ranged Weapons | 6 7 8 9 11 | 11.8
Fighting       | 3 |  3.5
Dodging        | 3 |  3.0
Invocations    | 1 |  1.5
Stealth        | |  1.2

Action                     |  1- 3 |  4- 6 |  7- 9 || total
---------------------------+-------+-------+-------++-------
   Fire: Shortbow          |    92 |   145 |   166 ||   403
    Use: Scroll            |     7 |     1 |     2 ||    10
         Potion            |       |     1 |     6 ||     7
 Armour: Leather armour    |     9 |       |       ||     9
         Ring mail         |     8 |    35 |    68 ||   111
  Dodge: Dodged            |    26 |    25 |    43 ||    94

Table legend:
 A = Non-vault XP
 B = Vault XP
 C = Vault XP percentage of total XP
 D = Non-vault monster count
 E = Vault monster count
 F = Vault count percentage of total count
                 A         B        C        D         E       F
            +---------+---------+-------+---------+---------+-------
      Total |     782 |     699 |  47.2 |      84 |      18 |  17.6
            +---------+---------+-------+---------+---------+-------
        D:1 |      26 |       0 |   0.0 |      17 |       0 |   0.0
        D:2 |      23 |      39 |  62.9 |      12 |       3 |  20.0
        D:3 |      78 |     376 |  82.8 |      16 |      13 |  44.8
        D:4 |     293 |       0 |   0.0 |      16 |       0 |   0.0
        D:5 |     362 |     284 |  44.0 |      23 |       2 |   8.0
            +---------+---------+-------+---------+---------+-------
